 Dungeon Crawl Stone Soup version 0.26-a0-1012-gedcf9b2963 (webtiles) character file.

Game seed: 17084099167368624709

200 Baldric the Slasher (level 6, 0/48 HPs)
             Began as a Human Berserker on Dec 7, 2020.
             Was a Believer of Trog.
             Succumbed to a scorpion's poison
             ... on level 5 of the Dungeon.
             The game lasted 00:14:58 (1248 turns).

Baldric the Slasher (Human Berserker)               Turns: 1248, Time: 00:14:59

Health: 0/48       AC: 12    Str: 18      XL:     6   Next: 6%
Magic:  6/6        EV: 10    Int:  8      God:    Trog [**....]
Gold:   156        SH:  0    Dex: 12 (13) Spells: 5/5 levels left

rFire    + . .     SeeInvis .   a - +0 falchion
rCold    x . .     Faith    .   (no shield)
rNeg     . . .     Spirit   .   d - +0 scale mail
rPois    .         Reflect  .   q - +1 helmet
rElec    .         Harm     .   (no cloak)
rCorr    .         Rampage  .   (no gloves)
Will     .....     Rnd*Rage +   j - +0 pair of boots
Stlth    ..........             (no amulet)
HPRegen  0.16/turn              o - ring of fire
MPRegen  0.10/turn              (no ring)

@: lethally poisoned (0 -> -5), flying
A: iridescent scales 1, berserk 1, MP-powered wands
a: Berserk, Trog's Hand, Renounce Religion


You were on level 5 of the Dungeon.
You worshipped Trog.
Trog was pleased with you.
You visited 1 branch of the dungeon, and saw 5 of its levels.

You collected 156 gold pieces.

Inventory:

Hand Weapons
 a - a +0 falchion (weapon)
 g - a +0 whip
 h - a +0 hunting sling
 m - a +4 flail of protection
Armour
 b - a +0 animal skin
 d - a +0 scale mail (worn)
 j - a +0 pair of boots (worn)
 q - a +1 helmet (worn)
Jewellery
 o - a ring of fire (left hand)
Wands
 n - a wand of iceblast (8)
Scrolls
 f - a scroll of identify
 i - a scroll of remove curse
 k - 3 scrolls of blinking
 p - a scroll of teleportation
Potions
 e - a potion of degeneration


   Skills:
 + Level 4.0 Fighting
 + Level 4.3 Long Blades
 + Level 3.6 Armour
 + Level 2.5 Dodging
 + Level 0.3 Stealth


You had 5 spell levels left.
You didn't know any spells.
Your spell library was empty.

Dungeon Overview and Level Annotations

Branches:
Dungeon (5/15)
 Temple: D:4-7

Altars:


Innate Abilities, Weirdness & Mutations

You are partially covered in iridescent scales. (AC +2)
You tend to lose your temper in combat.
You expend magic power (3 MP) to strengthen your wands.


Message History

k - 3 scrolls of blinking
* * * LOW HITPOINT WARNING * * *
You feel sick.
Unknown command.
As you read the scroll labelled RYOHOKHLUIS, it crumbles to dust.
You feel strangely unstable.
It was a scroll of teleportation.
* * * LOW HITPOINT WARNING * * *
You feel sick.
Unknown command.
As you read the scroll labelled IQIMUF XEODUEG, it crumbles to dust.
You feel blessed for a moment.
It was a scroll of remove curse.
* * * LOW HITPOINT WARNING * * *
You feel sick.
* * * LOW HITPOINT WARNING * * *
You feel sick.
You see here a scorpion corpse.
Your surroundings suddenly seem different.
* * * LOW HITPOINT WARNING * * *
You feel sick.
You die...

*,,,,,,,,,*****,*
*,,,,,..*#.#
*,,,****,,* #.#
******#.##.#
*,,,**,,,,* #.#
*..#.# ******,**,*
#.# *#.#.# *,**,*
#.# #.#.#
*,**,****#.# #...#
*,,,,,,,*#.# ##..#
##########,**,*#.#
#..#
.........#,**,*#@#
#.>#
########.#,*,,,#.#
##.# #.#,*,,,#.#
#.# #.#,*,,,#.#
#.# #.#,*,,,#.#
#.# #.#<*,,,#.#
#.# #.#,,,,,#.#
#.# #.#,*,,,#.#
#.# #.#,,,,*#.#
#.#


There were no monsters in sight!

Vanquished Creatures
  2 scorpions (D:5)
  A worker ant (D:5)
  3 adders
  2 oozes (D:1)
  2 dart slugs
  4 orcs
  2 bats (D:1)
  A giant cockroach (D:1)
  6 goblins
  7 hobgoblins
  2 quokkas (D:2)
  A kobold (D:1)
  5 rats
38 creatures vanquished.

Vanquished Creatures (others)
  A frilled lizard (D:1)
  4 plants (D:1)
5 creatures vanquished.

Grand Total: 43 creatures vanquished

Notes
Turn   | Place    | Note
-------+----------+-------------------------------------------
     0 | D:1      | Baldric the Human Berserker began the quest for the Orb.
     0 | D:1      | Reached XP level 1. HP: 18/18 MP: 1/1
    69 | D:1      | Reached XP level 2. HP: 21/24 MP: 2/2
   224 | D:1      | Reached XP level 3. HP: 13/29 MP: 3/3
   668 | D:2      | Gained mutation: You tend to lose your temper in combat.
                  | [potion of mutation]
   668 | D:2      | Gained mutation: You expend magic power (3 MP) to
                  | strengthen your wands. [potion of mutation]
   668 | D:2      | Gained mutation: You are partially covered in iridescent
                  | scales. (AC +2) [potion of mutation]
   725 | D:2      | Reached ** piety under Trog
   874 | D:2      | Reached XP level 4. HP: 32/35 MP: 4/4
  1028 | D:5      | Entered Level 5 of the Dungeon
  1038 | D:5      | Reached XP level 5. HP: 17/41 MP: 1/5
  1241 | D:5      | Reached XP level 6. HP: 6/48 MP: 6/6
  1245 | D:5      | HP: 2/48 [poisoned by a scorpion]
  1248 | D:5      | Succumbed to a scorpion's poison

Illustrated notes

Levels and vault maps discovered:
D:1:      lightli_arrival_flooded_house, layout_rooms, nrook_mini_backslash
D:2:      layout_loops_ring, kennysheep_big_empty_room,
          chequers_serial_rivers_room_a, minmay_misc_feat_encased,
          nicolae_ru_great_annihilating_truth, uniq_jessica
D:3:      layout_rooms, serial_glass, glass_columns_a, glass_columns_c,
          makhleb_altar_promises_db, uniq_robin
D:4:      corexii_shantytown, layout_basic, minmay_temple_entry_glassed_door
D:5:      layout_basic

Skill      XL: |  1  2  3  4  5 |
---------------+----------------+-----
Long Blades    | 4 |  4.3
Armour         | 3 |  3.6
Fighting       | 4 |  4.0
Dodging        | |  2.5
Stealth        | |  0.3

Action                   |  1- 3 |  4- 6 || total
-------------------------+-------+-------++-------
Melee: Falchion          |   105 |    68 ||   173
Evoke: Wand              |       |     1 ||     1
  Use: Potion            |     3 |     2 ||     5
       Scroll            |       |     4 ||     4
Armor: Animal skin       |     1 |       ||     1
       Scale mail        |    66 |    41 ||   107
Dodge: Dodged            |    74 |    32 ||   106
       Rpst.: Falchion   |    21 |     6 ||    27

Table legend: (Time is in decaauts)
 A = Elapsed time spent in this place.
 B = Non-inter-level travel time spent in this place.
 C = Inter-level travel time spent in this place.
 D = Time resting spent in this place.
 E = Time spent auto-exploring this place.
 F = Levels seen in this place.
 G = Mean time per level.
                   A        B        C        D        E       F      G
               +--------+--------+--------+--------+--------+-----+--------+
         Total |   1268 |   1268 |      0 |      0 |      0 |   5 |  253.6 |
       Dungeon |   1268 |   1268 |      0 |      0 |      0 |   5 |  253.6 |
               +--------+--------+--------+--------+--------+-----+--------+

Top non-repeatable levels by time:
     D:1: 653 daAuts
     D:2: 248 daAuts
     D:5: 222 daAuts
     D:4: 86 daAuts
     D:3: 57 daAuts
